 Dungeon Crawl Stone Soup version 0.20-a0-795-ga03948b (webtiles) character file.

18479 showmethemoney the Carver (level 12, -14/85 HPs)
             Began as a Demonspawn Wanderer on Mar 1, 2017.
             Was a High Priest of Trog.
             Demolished by a swamp worm (16 damage)
             ... while paralysed
             ... on level 2 of the Lair of Beasts.
             The game lasted 00:28:53 (14936 turns).

showmethemoney the Carver (Demonspawn Wanderer)    Turns: 14936, Time: 00:28:54

Health: -14/85     AC: 19    Str: 15    XL:     12   Next: 28%
Magic:  0/13       EV:  2    Int: 15    God:    Trog [*****.]
Gold:   796        SH:  0    Dex: 14    Spells: 13/13 levels left

rFire    + . .     SeeInvis .   A - +1 falchion (slice)
rCold    + . .     Gourm    .   w - +0 chain mail
rNeg     . . .     Faith    .   (no shield)
rPois    +         Spirit   +   F - +1 hat
rElec    .         Reflect  .   z - +2 cloak {MR+}
rCorr    .         Harm     .   t - +1 pair of gloves
MR       +....                  (no boots)
Stlth    ..........             s - amulet of regeneration
Regen    0.7/turn               B - +2 ring of evasion
MPRegen  0.3/turn               y - ring of poison resistance

@: paralysed, exhausted, slowed
A: talons 2, molten scales 1, cold resistance 1, fire resistance 1, frail 1,
magic shield, magic regeneration, freezing cloud immunity
a: Berserk, Trog's Hand, Brothers in Arms, Burn Spellbooks, Renounce Religion


You were on level 2 of the Lair of Beasts.
You worshipped Trog.
Trog was extremely pleased with you.
You were very hungry.

You visited 2 branches of the dungeon, and saw 12 of its levels.

You collected 796 gold pieces.

Inventory:

Hand Weapons
 a - a +3 falchion
 e - a +0 dagger
 A - a +1 falchion of slicing (weapon)
Armour
 c - a +0 helmet
 d - a +0 robe
 h - a +0 leather armour
 j - a +0 cloak
 m - a +0 ring mail
 t - a +1 pair of gloves (worn)
 w - a +0 chain mail (worn)
 z - a +2 cloak of magic resistance (worn)
 F - a +1 hat (worn)
Jewellery
 s - an amulet of regeneration (around neck)
 y - a ring of poison resistance (left hand)
 B - a +2 ring of evasion (right hand)
 D - an uncursed ring of loudness
 J - an uncursed ring of ice
Wands
 u - a wand of scattershot (0/9)
 v - a wand of lightning (4/15)
 N - a wand of polymorph (17/24)
Scrolls
 b - 4 scrolls of teleportation
 l - 2 scrolls of identify
 o - 2 scrolls of magic mapping
 p - 5 scrolls of enchant weapon
 q - a scroll of blinking
 x - 4 scrolls of amnesia
 G - 2 scrolls of remove curse
 I - 4 scrolls of fog
 K - a scroll of fear
 L - 2 scrolls of enchant armour
Potions
 i - 5 potions of curing
 k - 3 potions of lignification
 C - a potion of heal wounds
 E - 2 potions of brilliance
 H - a potion of flight
Comestibles
 f - 7 bread rations
 g - 3 royal jellies
 n - 4 meat rations
 r - 13 fruits


   Skills:
 + Level 9.2 Fighting
 * Level 14.5 Long Blades
 + Level 7.7 Armour
 - Level 1.7 Stealth
   Level 1.0 Shields
 - Level 1.0 Spellcasting
   Level 1.0 Charms
   Level 1.1 Necromancy


You had 13 spell levels left.
You didn't know any spells.

Dungeon Overview and Level Annotations

Branches:
Dungeon (10/15)            Temple (0/1) D:4            Lair (2/6) D:10
  Swamp: Lair:2-4    Shoals: Lair:2-4     Snake: Lair:2-4    Spider: Lair:2-4
    Orc: D:9-12

Altars:
Dithmenos
Elyvilon
Gozag
Hepliaklqana
Makhleb
Nemelex Xobeh
Qazlal
Ru
Trog
Uskayaw
Wu Jian
Xom
Yredelemnul

Shops:
D:7 }


Innate Abilities, Weirdness & Mutations

You have razor-sharp toenails.
You are partially covered in molten scales. (AC +2)
Your flesh is cold resistant. (rC+)
When hurt, damage is shared between your health and your magic reserves.
You regenerate magic rapidly.
You are immune to freezing clouds.
Your flesh is heat resistant. (rF+)
You are frail. (-10% HP)


Message History

Your unstable footing causes you to fumble your attack.
The swamp worm bites you!
* * * LOW HITPOINT WARNING * * *
The swamp worm bites you!
* * * LOW HITPOINT WARNING * * *
Your unstable footing causes you to fumble your attack.
You slash the swamp worm!
You kill the swamp worm!
Trog accepts your kill. The swamp worm barely misses you.
Your unstable footing causes you to fumble your attack.
You are no longer berserk.
You pass out from exhaustion.
You feel yourself slow down. The swamp worm bites you!
* * * LOW HITPOINT WARNING * * *
The swamp worm bites you!
* * * LOW HITPOINT WARNING * * *
The swamp worm bites you!
You die...

####.#####.....P# ####
####P##...#.#...[.####.#.
##.<...................<..
##.........................
####....†≈≈≈≈≈≈...............
##P#...≈≈≈≈≈≈≈≈≈≈≈.............
#.....≈≈≈#######≈≈≈............
#P....≈≈≈#≈≈≈≈≈##≈≈............
###.....†≈≈≈≈≈≈≈@w#≈≈.....#######
#..(....†≈≈#≈≈≈≈≈##≈≈.....#.#
#.......≈≈≈#######≈≈≈<.....##
......PP#≈≈≈≈≈≈ ≈≈≈≈.....##
.....PP####≈≈≈≈≈ ≈#.......#
......## ≈##P# ###.<...## ...P###
## # #P......# ....# ##.....##
...## #.....#


You could see a swamp worm.

Vanquished Creatures
  Fannar (D:10)
  A hydra (Lair:2)
  3 two-headed ogres
  2 black mambas
  A torpor snail (Lair:2)
  3 spiny frogs
  5 komodo dragons
  2 trolls (D:10)
  4 blink frogs (Lair:2)
  4 hippogriffs
  2 wyverns
  20 yaks
  A hungry ghost (D:9)
  Grum (Lair:1)
  A steam dragon (D:9)
  A soldier ant (D:10)
  3 swamp worms (Lair:2)
  5 porcupines
  3 water moccasins
  2 orc warriors
  A black bear (D:10)
  3 ice beasts
  2 sky beasts (D:5)
  3 wolves (Lair:1)
  4 ogres
  3 phantoms
  A necrophage (D:6)
  A crocodile (Lair:2)
  4 centaurs
  A big kobold (D:9)
  12 bullfrogs
  A wyvern skeleton (D:6)
  7 scorpions
  6 killer bees (D:8)
  4 wights (D:7)
  6 howler monkeys
  5 crimson imps
  A bullfrog zombie (D:10)
  A quasit (D:10)
  A centaur zombie (D:6)
  2 jellies
  6 hounds
  3 orc priests
  Crazy Yiuf (D:3)
  A gnoll shaman (D:9)
  A bullfrog skeleton (D:4)
  An iguana (D:10)
  7 orc wizards
  4 worker ants
  A hound skeleton (D:7)
  A worker ant zombie (D:8)
  12 gnolls
  A howler monkey skeleton (D:7)
  14 adders
  6 shadow imps
  4 oozes
  2 adder skeletons
  20 worms
  3 dart slugs
  3 leopard geckos
  25 orcs
  2 ball pythons
  5 giant cockroaches
  3 goblins
  9 hobgoblins
  15 kobolds
  5 quokkas
  4 bats
  4 frilled lizards
  2 jackal skeletons (D:5)
  A quokka skeleton (D:4)
  10 rats
310 creatures vanquished.

Vanquished Creatures (others)
  15 plants
15 creatures vanquished.

Grand Total: 325 creatures vanquished

Notes
Turn   | Place    | Note
-------+----------+-------------------------------------------
     0 | D:1      | showmethemoney the Demonspawn Wanderer began the quest for the Orb.
     0 | D:1      | showmethemoney set off with: a +2 falchion, a scroll of teleportation, a potion of curing, a +0 robe, a +0 dagger, a bread ration
     0 | D:1      | Reached XP level 1. HP: 18/18 MP: 2/2
   192 | D:1      | Gained mutation: Your flesh is cold resistant. (rC+) [demonic ancestry]
   192 | D:1      | Reached XP level 2. HP: 22/24 MP: 3/3
   697 | D:1      | Reached skill level 2 in Long Blades
   788 | D:1      | Reached XP level 3. HP: 19/29 MP: 4/4
  2067 | D:2      | Reached skill level 3 in Long Blades
  2067 | D:2      | Gained mutation: When hurt, damage is shared between your health and your magic reserves. [demonic ancestry]
  2067 | D:2      | Reached XP level 4. HP: 28/36 MP: 5/5
  3185 | D:3      | Found an opulent altar of Gozag.
  3257 | D:3      | Noticed a phantom
  3531 | D:3      | Killed a phantom
  3531 | D:3      | Reached skill level 4 in Long Blades
  3531 | D:3      | Reached XP level 5. HP: 38/41 MP: 6/6
  3876 | D:3      | Found a runed door.
  4181 | D:3      | Reached skill level 5 in Long Blades
  4640 | D:3      | Gained mutation: You are frail. (-10% HP) [potion of mutation]
  4640 | D:3      | Gained mutation: Your flesh is heat resistant. (rF+) [potion of mutation]
  4643 | D:3      | Noticed Crazy Yiuf
  4644 | D:3      | Killed Crazy Yiuf
  4644 | D:3      | Gained mutation: You are partially covered in molten scales. (AC +2) [demonic ancestry]
  4644 | D:3      | Reached XP level 6. HP: 42/42 MP: 7/7
  4742 | D:4      | Found a sparkling altar of Nemelex Xobeh.
  5269 | D:4      | Reached skill level 6 in Long Blades
  5516 | D:4      | Found a bloodstained altar of Trog.
  5519 | D:4      | Found a burning altar of Makhleb.
  5524 | D:4      | Became a worshipper of Trog the Wrathful
  5552 | D:4      | Gained mutation: You have sharp toenails. [demonic ancestry]
  5552 | D:4      | Reached XP level 7. HP: 44/46 MP: 8/8
  5620 | D:4      | Found a staircase to the Ecumenical Temple.
  5965 | D:5      | Entered Level 5 of the Dungeon
  6278 | D:5      | Reached skill level 7 in Long Blades
  6838 | D:5      | Reached skill level 8 in Long Blades
  6864 | D:5      | Reached XP level 8. HP: 32/53 MP: 5/9
  7109 | D:5      | Found a sacrificial altar of Ru.
  7109 | D:5      | Found a hide-covered altar of Uskayaw.
  7172 | D:6      | Reached * piety under Trog
  7181 | D:6      | Reached skill level 9 in Long Blades
  7394 | D:6      | Found a white marble altar of Elyvilon.
  7660 | D:6      | Found a stormy altar of Qazlal.
  7707 | D:6      | Reached skill level 10 in Long Blades
  8192 | D:7      | Gained mutation: You have razor-sharp toenails. [demonic ancestry]
  8192 | D:7      | Reached XP level 9. HP: 47/57 MP: 7/10
  8470 | D:7      | Reached ** piety under Trog
  8472 | D:7      | Found a shadowy altar of Dithmenos.
  8503 | D:7      | Found a shimmering altar of Xom.
  8567 | D:7      | Found an ornate altar of the Wu Jian Council.
  8572 | D:7      | Found a stormy altar of Qazlal.
  8694 | D:7      | Reached skill level 11 in Long Blades
  8707 | D:7      | Reached skill level 1 in Armour
  8762 | D:7      | Found Xeydoal's Gadget Boutique.
  8907 | D:7      | Found a basalt altar of Yredelemnul.
  9278 | D:8      | Noticed a two-headed ogre
  9283 | D:8      | Killed a two-headed ogre
  9283 | D:8      | Reached skill level 5 in Fighting
  9640 | D:8      | You fall through a shaft!
  9694 | D:9      | Reached *** piety under Trog
  9983 | D:9      | Gained mutation: You regenerate magic rapidly. [demonic ancestry]
  9983 | D:9      | Reached XP level 10. HP: 64/66 MP: 11/11
 10101 | D:9      | Noticed a two-headed ogre
 10110 | D:9      | Killed a two-headed ogre
 10110 | D:9      | Reached skill level 12 in Long Blades
 10411 | D:9      | Paralysed by fainting for 7 turns
 10610 | D:9      | Found a hazy altar of Hepliaklqana.
 10667 | D:10     | Entered Level 10 of the Dungeon
 10747 | D:10     | Found a white marble altar of Elyvilon.
 10908 | D:10     | Found a staircase to the Lair.
 11272 | D:10     | Reached **** piety under Trog
 11358 | D:10     | Reached skill level 5 in Armour
 11537 | D:10     | Noticed Fannar
 11557 | D:10     | Killed Fannar
 11557 | D:10     | Reached skill level 13 in Long Blades
 11557 | D:10     | Reached XP level 11. HP: 75/75 MP: 12/12
 11652 | D:10     | Noticed a two-headed ogre
 11659 | D:10     | Killed a two-headed ogre
 12227 | Lair:1   | Entered Level 1 of the Lair of Beasts
 12228 | Lair:1   | Noticed Grum
 12252 | Lair:1   | Killed Grum
 12531 | Lair:1   | Reached ***** piety under Trog
 13432 | Lair:2   | Reached skill level 14 in Long Blades
 13924 | Lair:2   | Gained mutation: You are immune to freezing clouds. [demonic ancestry]
 13924 | Lair:2   | Reached XP level 12. HP: 71/84 MP: 13/13
 14630 | Lair:2   | Noticed a six-headed hydra
 14639 | Lair:2   | Killed a six-headed hydra
 14655 | Lair:2   | Received a gift from Trog
 14935 | Lair:2   | HP: 1/85 [swamp worm (9)]
 14936 | Lair:2   | Demolished by a swamp worm

Vault maps used:
D:1:      elethiomel_arrival_infinity_welcomes_careful_drivers, minivault_23
D:3:      grunt_gozag_breadcrumbs, uniq_crazy_yiuf_cottage
D:4:      nemelex_xobeh_ov_fountains_minmay,
          chequers_temple_overflow_statue_of_worship,
          minmay_temple_entry_enclosed_plants, first_bread,
          kennysheep_generic_room_12
D:5:      gammafunk_temple_overflow_wave, serial_curves, eino_curves_03,
          eino_curves_01
D:6:      kennysheep_little_box, nicolae_overflow_crystal_walls
D:7:      nicolae_dithmenos_shadow_blocks, xom_teletrap_fun,
          lemuel_crystal_altar, yredelemnul_altar_generic, serial_shops,
          kennysheep_mini_moat, nicolae_qazlal_style_of_elements
D:9:      lemuel_coloured_pillars_altar
D:10:     david_lair_shrubbed, elyvilon_altar_5, uniq_fannar
Lair:1:   beast_lair_carwin_8, uniq_grum
Lair:2:   nicolae_lair_grove_arrangements, worms_lemuel, grunt_megastairs_1

Skill      XL: |  1  2  3  4  5  6  7  8  9 10 11 12 |
---------------+-------------------------------------+-----
Long Blades    | 2 3 4 5 6 8 10 11 13 14 | 14.5
Fighting       | 5 7 8 9 |  9.2
Armour         | 3 5 7 |  7.7
Stealth        | |  1.7
Shields        | |  1.0
Spellcasting   | |  1.0
Charms         | |  1.0
Necromancy     | |  1.1

Action                   |  1- 3 |  4- 6 |  7- 9 | 10-12 || total
-------------------------+-------+-------+-------+-------++-------
Melee: Falchion          |   106 |   234 |   490 |   797 ||  1627
       Kick              |       |       |   175 |   253 ||   428
Invok: Berserk           |       |       |     8 |    23 ||    31
Evoke: Wand              |       |     1 |     3 |     5 ||     9
  Use: Potion            |     1 |     4 |     3 |     6 ||    14
       Scroll            |       |     1 |    14 |     4 ||    19
 Stab: Sleeping          |     2 |     1 |     1 |       ||     4
  Eat: Bread ration      |     1 |       |     2 |     1 ||     4
       Chunk             |       |    11 |     8 |    34 ||    53
       Meat ration       |       |       |     1 |       ||     1
Armor: Robe              |    11 |       |       |       ||    11
       Leather armour    |    20 |     7 |       |       ||    27
       Skin              |       |    20 |       |       ||    20
       Ring mail         |       |    71 |   106 |       ||   177
       Chain mail        |       |       |    91 |   322 ||   413
Dodge: Dodged            |    60 |    89 |   200 |   215 ||   564
       Rpst.: Falchion   |    20 |    34 |    74 |    58 ||   186
